 Dungeon Crawl Stone Soup version 0.29.0-11-gd7f09526c8 (webtiles) character file.

Game seed: 1084658806200598239

0 Zeldest the Insei (level 1, 16/19 HPs)
             Began as a Meteoran Monk on Sept 3, 2022.
             Was a Believer of Dithmenos.
             Quit the game on level 1 of the Dungeon.
             The game lasted 00:00:29 (31 turns).

Zeldest the Insei (Meteoran Monk)                     Turns: 31, Time: 00:00:29

Health: 16/19      AC:  2    Str: 12    XL:     1   Next: 14%
Magic:  2/2        EV: 13    Int: 11    God:    Dithmenos [**....]
Gold:   0          SH:  0    Dex: 16    Spells: 0/0 levels left

rFire   . . .      SeeInvis .     - Unarmed
rCold   . . .      Faith    .   (no shield)
rNeg    . . .      Spirit   .   a - +0 robe
rPois   .          Reflect  .   (no helmet)
rElec   .          Harm     .   (no cloak)
rCorr   .          Rampage  .   (no gloves)
Will    .....                   (no boots)
Stlth   +.........              (no amulet)
HPRegen 0.06/turn               (no ring)
MPRegen 0.08/turn               (no ring)

@: glowing
A: sense surroundings 1, otherworldly, glowing, explore regen
a: Renounce Religion, Shadow Step


You were on level 1 of the Dungeon.
You worshipped Dithmenos.
Dithmenos was pleased with you.
You visited 1 branch of the dungeon, and saw 1 of its levels.

Inventory:

Armour
 a - a +0 robe (worn)
Scrolls
 c - a scroll of identify {unknown}
Potions
 b - a potion of ambrosia
 d - a potion of cancellation {unknown}


   Skills:
 - Level 3.2 Fighting
 - Level 3.6 Dodging
 - Level 1.4 Stealth
 * Level 3.6 Unarmed Combat
 + Level 0.1 Transmutations
 + Level 0.0 Invocations


You couldn't memorise any spells.
You didn't know any spells.
Your spell library contained the following spells:

 Spells                   Type           Power      Damage    Failure   Level
 Ensorcelled Hibernation  Hex/Ice        0%         N/A       47%         2
 Spider Form              Tmut/Pois      0%         N/A       71%         3
 Anguish                  Hex/Necr       0%         N/A       98%         4


Dungeon Overview and Level Annotations

Branches:
Dungeon (1/15) Zot: 568

Altars:
Dithmenos


Innate Abilities, Weirdness & Mutations

You passively map a small area around you.
You are easily found by Zot.
You glow in the dark.
You regain HP and MP as you explore.


Message History

Welcome, Zeldest the Meteoran Monk.
Are you destined to find the fabled Orb of Zot, or to die trying?
Press ? for a list of commands and other information.
Found a scroll labelled MUUSCH IXTUE.
Found a staircase leading out of the dungeon.
c - a scroll labelled MUUSCH IXTUE Unknown command.
You open the door.
Found a book of Dreams and a bubbling inky potion.
There is an open door here.
d - a bubbling inky potion You pick up a book of Dreams and begin reading...
You add the spells Ensorcelled Hibernation, Spider Form and Anguish to your library.
You open the door.
Found a leather armour.
There is an open door here.
Found a faded altar of an unknown god.
You enter the shallow water.
Moving in this stuff is going to be slow.
A kobold comes into view. It is wielding a +0 dagger.
The kobold throws a stone.
The stone hits you but does no damage.
There is a faded altar of an unknown god here.
You cannot tell which god this altar belongs to.
Convert to them anyway?
Dithmenos accepts your prayer! Dithmenos welcomes you!
You are shrouded in an aura of darkness!
You can now step into the shadows of nearby creatures.
You barely miss the kobold. The kobold hits you with a +0 dagger.
You hit the kobold but do no damage. The kobold misses you.
You hit the kobold.
The kobold is moderately wounded.
The kobold completely misses you.
You hit the kobold.
You kill the kobold!
Dithmenos accepts your kill.
Things that are here:
a +0 dagger; 2 stones; a kobold corpse Are you sure you want to abandon this character and quit the game? (Confirm with "yes".)

....#.###..#######...##
,
....'..................
≈~≈≈#.....#####'######
* #####.....#....#....#
, , #.#.###[.~~#~~..#
,,* #.#.# #....#.^..#,,
#.... #....#....# , *
.....##.~~~_~~~.#, ,
......#....#@...# **
......##....#....#
#.#.....#..~~#~~..#
#.#....##....#....# ,
#####+##### ** , , * *
* , ,


There were no monsters in sight!

Vanquished Creatures
  A kobold (D:1)
1 creature vanquished.

Notes
Turn   | Place    | Note
-------+----------+-------------------------------------------
     0 | D:1      | Zeldest the Meteoran Monk began the quest for the Orb.
     0 | D:1      | Reached XP level 1. HP: 19/19 MP: 2/2
    20 | D:1      | Found a faded altar of an unknown god.
    25 | D:1      | Prayed at the altar of an unknown god.
    25 | D:1      | Became a worshipper of Dithmenos the Shadowed
    25 | D:1      | Reached * piety under Dithmenos
    25 | D:1      | Reached ** piety under Dithmenos
    31 | D:1      | Quit the game

Illustrated notes

Levels and vault maps discovered:
D:1:      tarquinn_simple_flora_water_c, layout_basic,
          shapermc_ecumenical_altar_notcrosses

Action                   || total
-------------------------++-------
Melee: Unarmed           ||     4
Armor: Robe              ||     1
Dodge: Dodged            ||     2
